 Dungeon Crawl Stone Soup version 0.31-a0-496-g6f97920a28 (webtiles) character file.

Game seed: 4667040588229036292

3 randomguy2701 the Stinger (level 1, 3/11 HPs)
             Began as an Octopode Venom Mage on Aug 8, 2023.
             Quit the game on level 1 of the Dungeon.
             The game lasted 00:00:14 (149 turns).

randomguy2701 the Stinger (Octopode Venom Mage)      Turns: 149, Time: 00:00:15

Health: 3/11       AC:  1    Str:  7    XL:     1   Next: 50%
Magic:  0/3        EV: 13    Int: 17    God:
Gold:   5          SH:  0    Dex: 12    Spells: 3/4 levels left

rFire   . . .        (no weapon)
rCold   . . .        (no shield)
rNeg    . . .        (helmet restricted)
rPois   .            (no amulet)
rElec   .            (no ring)
rCorr   .            (no ring)
SInv    .            (no ring)
Will    .....        (no ring)
Stlth   +++          (no ring)
HPRegen 0.21/turn    (no ring)
MPRegen 0.08/turn    (no ring)
                     (no ring)

%: no passive effects
@: lethally poisoned (3 -> -7)
A: almost no armour, amphibious, 8 rings, camouflage 1, gelatinous body 1,
(nimble swimmer 1), tentacles
a: no special abilities


You were on level 1 of the Dungeon.
You visited 1 branch of the dungeon, and saw 1 of its levels.

You collected 5 gold pieces.

Inventory:

Scrolls
 b - a scroll of identify {unknown}
 c - 2 scrolls of blinking {unknown}
 d - a scroll of teleportation {unknown}
 e - a scroll of poison {unknown}
Potions
 a - a potion of magic


   Skills:
 + Level 2.0 Dodging
 + Level 2.7 Stealth
 + Level 2.0 Spellcasting
 + Level 1.0 Transmutations
 + Level 3.9 Poison Magic


You had 3 spell levels left.
You knew the following spells:

 Your Spells              Type           Power      Damage    Failure   Level
a - Sting                 Tmut/Pois      40%        1d5       7%          1

Your spell library contained the following spells:

 Spells                   Type           Power      Damage    Failure   Level
 Poisonous Vapours        Pois/Air       16%        N/A       13%         2
 Mephitic Cloud           Conj/Pois/Air  6%         N/A       34%         3
 Olgreb's Toxic Radiance  Pois           15%        N/A       36%         4


Dungeon Overview and Level Annotations

Branches:
Dungeon (1/15)

Altars:


Innate Abilities, Weirdness & Mutations

You cannot wear most types of armour.
You are amphibious.
You can wear up to eight rings at the same time.
Your skin changes colour to match your surroundings (Stealth+).
Your rubbery body absorbs attacks. (AC +1, EV +1)
((You are camouflaged when in or above water. (Stealth+)))
You have tentacles for arms and can constrict up to eight enemies at once.


Message History

You open the door.
A quokka and a goblin come into view.
The goblin is wielding a +2 dagger of venom.
Found a ring mail.
There is an open door here.
The quokka barely misses you.
There are monsters nearby!
The sting misses the quokka.
The quokka closely misses you.
The sting hits the quokka but does no damage.
The quokka is poisoned.
The quokka barely misses you.
The sting hits the quokka.
The quokka looks even sicker.
The quokka is heavily wounded.
The goblin shouts!
The quokka closely misses you.
You are out of magic!
You are out of magic!
You tentacle-slap the quokka but do no damage.
You grab the quokka.
The quokka is heavily wounded.
You constrict the quokka.
You kill the quokka!
You see here a quokka corpse.
You tentacle-slap the goblin but do no damage.
Your grab misses the goblin. The goblin completely misses you.
You miss the goblin. You grab the goblin. You constrict the goblin.
The goblin hits you with a +2 dagger of venom.
You are lethally poisoned!
You tentacle-slap the goblin.
The goblin is severely wounded.
You constrict the goblin.
You kill the goblin!
* * * LOW HITPOINT WARNING * * *
You feel very sick.
You are too injured to fight recklessly!
There is a lethal amount of poison in your body!
There is a lethal amount of poison in your body!
There is a lethal amount of poison in your body!
There is a lethal amount of poison in your body!
There is a lethal amount of poison in your body!
Are you sure you want to abandon this character and quit the game? (Confirm with "yes".)

........#####...^.............
#............................
#.####.##########.....#######
#.# ####### # #.# ### #.#####
#.. #.....# #.. #####'###+#.#
#.. #....@)...# #..
#.........# ....# #........##
.## #........# ..........#
.##........# # #.....[..#
.#........


There were no monsters in sight!

Vanquished Creatures
  An endoplasm (D:1)
  A quokka (D:1)
  A goblin (D:1)
3 creatures vanquished.

Notes
Turn   | Place    | Note
-------+----------+-------------------------------------------
     0 | D:1      | randomguy2701 the Octopode Venom Mage began the quest for
                  | the Orb.
     0 | D:1      | Reached XP level 1. HP: 11/11 MP: 3/3
    34 | D:1      | Found a faded altar of an unknown god.
   149 | D:1      | Quit the game

Illustrated notes

Levels and vault maps discovered:
D:1:      eino_arrival_water_star, layout_basic, basic_ecumenical_altar,
          minmay_statues_item, minmay_misc_feat_columns,
          corexii_item_surrounded_by_moat, hangedman_decor_diamond_cutter

Action                     || total
---------------------------++-------
  Melee: Unarmed           ||     4
         Constrict         ||     2
   Cast: Sting             ||     6
  Dodge: Dodged            ||     5

Table legend: (Time is in decaauts)
 A = Elapsed time spent in this place.
 B = Non-inter-level travel time spent in this place.
 C = Inter-level travel time spent in this place.
 D = Time resting spent in this place.
 E = Time spent auto-exploring this place.
 F = Levels seen in this place.
 G = Mean time per level.
                   A        B        C        D        E       F      G
               +--------+--------+--------+--------+--------+-----+--------+
         Total |    149 |    149 |      0 |      0 |    129 |   1 |  149.0 |
       Dungeon |    149 |    149 |      0 |      0 |    129 |   1 |  149.0 |
               +--------+--------+--------+--------+--------+-----+--------+

Top non-repeatable levels by time:
     D:1: 149 daAuts
